FIQ, neutral male gnomish Wizard ----- --------- |<..--- ------.......-- -..---. ` ..--------- |.....---|.........--..| ......| --- .......... --..|....|.---------|..| ..._... ` * * `* .(| * -.-...--.- --.|-.....---- ---- #....... ** ..... #` .....?|-.| --|.........|--- ----. ...|...** .....-.........-.)--- ----.|....|..----...-. |.|#* e* ..........|......[[*)--+- -----..|....|..[..---- |h. ...e........)..).)$%*.[..| ------ |..|.G..[........-[-.-- * ($ ...........--------+--).-- |..)!| --.......--.........*.-- `` ..| ...{B....-.|.....)...|..-- |.%$.|` |............|......... ...| ........| |.......).|...| ---|-- ----......--......---.. -|.|.l........... -----------...| ------....G. |....|..|..|-...|..- ......--............------#|.......-- |..|-.........|...-|..|..| ....|...........e...-.....|...(|#...---.-- |..-...............(.---.-----..-h.....................-@((.| ).|...|. -----.....{....----..........(....|...`.....e......ff..-|.((.|#......| |..............-- --+--.---------.....G...--..| ..@f.f.|------ ....|%--..-- -+-----.........| |.|..(.| --........----- .f...G| ...[.........| --.(------- |.-$(((| --....... ... .f...)(.+...+| ---- --|.(((| ----- G...S...|..|(| ------ --------- --- FIQ the Evoker Experience level: 2 Strength: 12 Dexterity: 11 Constitution: 14 Intelligence: 19 Wisdom: 13 Charisma: 10 Health: 0(22) Energy: 30(30) Def: 5 Gold: 5615 Moves: 9872 Dungeon seed: dH-eptYv8O5Z7Wud Game ID: FIQ_1469366265 Your Inventory: Coins $ - 5615 gold pieces Weapons a - a blessed +1 quarterstaff i - an uncursed +0 sling Armor e - a blessed +0 cloak of magic resistance (being worn) n - an uncursed +0 pair of gauntlets of dexterity (being worn) r - a cursed -1 pair of low boots y - an uncursed +0 shield of reflection z - an uncursed +0 pair of low boots N - an uncursed +0 studded leather armor (being worn) Comestibles Q - 2 uncursed tripe rations V - an uncursed tripe ration Scrolls j - an uncursed scroll of light s - 3 uncursed scrolls of blank paper u - an uncursed scroll of enchant weapon v - an uncursed scroll of identify A - an uncursed scroll of create monster D - 3 uncursed scrolls of confuse monster G - a blessed scroll of light I - an uncursed scroll of teleportation Spellbooks m - a blessed spellbook of force bolt S - an uncursed spellbook of create familiar Potions f - an uncursed potion of paralysis C - 4 uncursed potions of monster detection Rings c - an uncursed ring of shock resistance d - a blessed +1 ring of increase damage H - an uncursed ring of warning L - an uncursed ring of levitation (on left hand) Wands b - an uncursed wand of make invisible (0:4) o - an uncursed wand of create monster (0:15) Tools k - an uncursed skeleton key l - a blessed oil lamp (0:1003) p - an uncursed +0 pick-axe (weapon in hand) q - an uncursed mirror M - an uncursed blindfold R - an uncursed skeleton key T - an uncursed tinning kit (0:34) Spells and supernatural/magical abilities: Name Level Category Fail Memory a - force bolt 1 attack 0% 51% A - create familiar 3 clerical 37% 51% W - pray for help -- divine ? -- Your skills at the end: Fighting Skills wands [Basic] Weapon Skills quarterstaff [Basic] Spellcasting Skills attack spells [Basic] enchantment spells [Basic] clerical spells [Basic] Final Attributes: You were haltingly aligned. You were cold resistant. You were magic-protected. You had infravision. You were invisible. You were levitating. You are dead. Vanquished creatures: 3 watchmen 4 leprechauns a housecat an imp 2 rock moles a pony 2 shriekers a red naga hatchling a golden naga hatchling 4 gray oozes 3 elf zombies a straw golem 2 paper golems 2 giant ants 2 little dogs 2 floating eyes 17 kittens 2 dwarves a homunculus a kobold shaman 5 hill orcs a centipede 2 giant bats 4 orc zombies a wererat a werejackal 4 iguanas 2 acid blobs 4 coyotes 6 hobbits 3 manes a large kobold a hobgoblin 7 giant rats 9 cave spiders a yellow mold 2 green molds a red mold 8 garter snakes 3 gnome zombies 6 geckos 4 jackals 9 foxes 4 kobolds 4 goblins 3 sewer rats 10 grid bugs a bat 7 lichens a kobold zombie 12 newts 180 creatures vanquished. Voluntary challenges: You used a wielded weapon 9 times, starting on turn 157. You read items or engraved 18 times, starting on turn 1610. You never genocided any monsters. You never polymorphed an object. You never changed form. You used no wishes. You never split a pudding. You wrote Elbereth's name 18 times, starting on turn 1610. You never violated your personal moral code. Dungeon overview: The Dungeons of Doom: levels 1 to 2 Level 1 some fountains a long staircase Level 2 a general store, some fountains stairs to The Gnomish Mines The Gnomish Mines: levels 3 to 6 Level 3 stairs to The Dungeons of Doom Level 4 Level 5 Level 6 <- You were here many shops, a temple to Anhur, some fountains History has recorded: On T:1 you entered the Dungeons of Doom to retrieve the Amulet of Yendor! On T:439 you reached level 2 of The Dungeons of Doom. On T:661 you advanced to experience level 2. On T:1423 you reached level 1 of The Gnomish Mines. On T:2063 you reached level 2 of The Gnomish Mines. On T:2252 you reached level 3 of The Gnomish Mines. On T:2742 you reached level 4 of The Gnomish Mines. Score breakdown: Gold: 5615 (12754 points) Experience: 2 levels ( 5570 points) Exploration: 6 levels ( 12.24%) ( 9682 points) Discoveries: 14 items ( 4.79%) ( 6568 points) Valuables value: (no points given unless you survive) Artifact value: 0 ( 0 points) Variety of kills: 51 monsters ( 13.32%) (10947 points) Turncount: 9872 turns (-2359 points) Survival: died (score multiplied by 80%) Total score: 34529 Latest messages: You displace your kitten. You hear some noises nearby. (17x) You hear the chime of a cash register. You displace your housecat. You hear some noises nearby. (2x) You hear some noises in the distance. (2x) You hear some noises nearby. The priest of Anhur casts a spell! The golden haze around the priest of Anhur becomes more dense. Your speed returns. The housecat speeds up. The golden haze around the priest of Anhur becomes less dense. The housecat slows down under the floating eye's gaze. You slow down under the floating eye's gaze. You displace your housecat. You displace your kitten. The watch captain swings his long sword at you. The watch captain hits! The watch captain swings his long sword at you. The watch captain hits! You die... Htargcm looks at your corpse, shakes his head, and sighs. Final status: Goodbye FIQ the Wizard, killed by a watch captain... You died in The Gnomish Mines on dungeon level 6 with 34529 points, and 5615 pieces of gold, after 9872 moves. You were level 2 with a maximum of 22 hit points when you died.